Unix NetHack Version 5.0.0-0 post-release - last build May  4 2026 22:22:43 (774f63e81ad911689b3a0859ea89b322d5daca8d,branch:main).

Game began 2026-05-08 22:49:35, ended 2026-05-08 22:55:35.

BilldaCat, neutral male human Wizard

                       #--------------------------------
                       #|................[....)...[.)..|
                      ##| -- -----    ----....--+-----.|
                       #                 |....|  |%..|.|
                       #                 |....|  |%%.-.|
                       #                 |....-|-----|.|
                       #                 -.....||....|..
                      ##                ...--|-||....|.|
                      ##                --| ..|||.._.|.|
                      ##                 . |..||-....|.|
                       #                 . |..|.-----|.|
                 #     #                -- ---|).-.).|.|
        -------  #     #                      |..|  .|.|
        |......####### #                      +..|   |.|
        |....<| #######)| ------- -------------..-----.| #
        .......        #|...............................#0
        -------        #--------------------------------##
                       ##################################

BilldaCat the Conjurer    St:7 Dx:13 Co:17 In:18 Wi:9 Ch:11  Neutral
Dlvl:7  $:45 HP:0(42) Pw:7(48) AC:9  Xp:5 T:957 

Latest messages:
 The spell hits the dwarf!
 In what direction? 4
 The spell hits the dwarf!
 You kill the dwarf!
 You hear the chime of a cash register.
 You hit the monkey.
 The monkey hits!
 The monkey takes off your uncursed +0 cloak of magic resistance.
 The monkey stole an uncursed +0 cloak of magic resistance.
 The monkey tries to run away with your cloak of magic resistance.
 In what direction? 3
 The spell hits the monkey!
 You kill the monkey!
 b - an uncursed +0 cloak of magic resistance.
 There is nothing here to pick up.
 What do you want to wear? [b or ?*] b
 You are now wearing a cloak of magic resistance.
 The kitten misses the gnome lord.
 The kitten misses the gnome lord.
 The gnome shoots 2 crossbow bolts!
 The gnome misfires!
 You are hit by the 2nd crossbow bolt!
 The kitten misses the gnome lord.
 You hear some noises in the distance.
 The gnome swings her crossbow.
 The gnome hits!
 You hit the gnome.
 The gnome swings her crossbow.
 The gnome hits!
 You hear a door open.
 You hit the gnome.
 The gnome swings her crossbow.
 The gnome hits!
 You hit the gnome.
 You kill the gnome!
 The priestess of Anhur intones:
 "Pilgrim, you enter a sacred place!"
 You have a forbidding feeling...
 The fire ant bites!
 The fire ant bites again!
 You're on fire!
 What do you want to zap? [cr or ?*] r
 In what direction? 8
 You kill the fire ant!
 The bolt of cold bounces!
 The bolt of cold hits you!
 Your potion of water freezes and shatters!
 Your brilliant blue potion freezes and shatters!
 You die...
 Do you want your possessions identified? [ynq] (y) q

Inventory:
 Coins    ('$')
  $ - 45 gold pieces
 Weapons  (')')
  a - a blessed +1 quarterstaff (weapon in hands)
 Armor    ('[')
  b - an uncursed +0 cloak of magic resistance (being worn)
 Comestibles  ('%')
  q - 2 uncursed food rations
 Scrolls  ('?')
  t - a cursed scroll of confuse monster
  i - 2 uncursed scrolls of enchant weapon
  j - 2 uncursed scrolls of remove curse
 Spellbooks  ('+')
  k - a blessed spellbook of force bolt
  l - an uncursed spellbook of haste self
  n - an uncursed spellbook of healing
  p - an uncursed spellbook of light
 Potions  ('!')
  o - an uncursed potion of healing
  f - an uncursed potion of invisibility
  h - an uncursed potion of polymorph
 Rings    ('=')
  e - an uncursed ring of protection from shape changers
  d - an uncursed ring of see invisible (on left hand)
 Wands    ('/')
  r - a wand of cold named col (0:1)
  c - a blessed wand of digging (0:2)
 Tools    ('(')
  m - a magic marker (0:19)

BilldaCat the Wizard's attributes:

Background:
 You were a Conjurer, a level 5 male human Wizard.
 You were neutral, on a mission for Thoth
 who was opposed by Ptah (lawful) and Anhur (chaotic).
 You were right-handed.
 You were in the Gnomish Mines, on level 7.
 You entered the dungeon 957 turns ago.
 It was nighttime.
 You had 237 experience points, 83 more were needed to attain level 6.

Basics:
 You had 0 out of 42 hit points.
 You had 7 out of 48 energy points (spell power).
 Your armor class was 9.
 Your wallet contained 45 zorkmids.
 Autopickup was on for '$"?!/=' plus thrown, with exceptions.

Final Characteristics:
 Your strength was 7 (limit:18/100).
 Your dexterity was 13 (limit:18).
 Your constitution was 17 (limit:18).
 Your intelligence was 18 (limit:18).
 Your wisdom was 9 (limit:18).
 Your charisma was 11 (limit:18).

Final Status:
 You weren't hungry.
 You were unencumbered.
 You were wielding a quarterstaff.
 You had basic skill with quarterstaff.

Final Attributes:
 You were devoutly aligned.
 You were magic-protected.
 You saw invisible.
 You were warded.
 You are dead.

Miscellaneous:
 You didn't encounter any bones levels.
 Total elapsed playing time was 6 minutes.

Major events:
 Turn
    1: BilldaCat the neutral male human Wizard entered the dungeon
  692: entered the Gnomish Mines
  710: attained the rank of Conjurer (level 3)
  899: reached Mine Town
  957: killed by a bolt of cold zapped by himself

Spells:
 Name                 Level Category     Fail Retention
 force bolt             1   attack         0%  91%-100%
 haste self             3   escape        79%  76%-100%
 healing                1   healing        0%  76%-100%
 light                  1   divination     0%  76%-100%

Skills:
 Fighting Skills
   bare handed combat [Unskilled]
   riding             [Unskilled]
 Weapon Skills
   dagger             [Unskilled]
   knife              [Unskilled]
   axe                [Unskilled]
   short sword        [Unskilled]
   club               [Unskilled]
   mace               [Unskilled]
   quarterstaff       [Basic]
   polearms           [Unskilled]
   spear              [Unskilled]
   trident            [Unskilled]
   sling              [Unskilled]
   dart               [Unskilled]
   shuriken           [Unskilled]
 Spellcasting Skills
   attack spells      [Basic]
   healing spells     [Unskilled]
   divination spells  [Unskilled]
   enchantment spells [Basic]
   clerical spells    [Unskilled]
   escape spells      [Unskilled]
   matter spells      [Unskilled]

Voluntary challenges:
 Character rerolling was not enabled.
 You never genocided any monsters.
 You never polymorphed an object.
 You never changed form.
 You used no wishes.
Achievements:
 You entered the Gnomish Mines.
 You attained the rank of Conjurer.
 You entered Minetown.
 You entered a shop.
 You entered a temple.

 The Dungeons of Doom: levels 1 to 4
    Level 1:
    Level 2:
       A grave.
    Level 3:
       Many altars.
       Stairs down to The Gnomish Mines.
    Level 4:
 The Gnomish Mines: levels 4 to 7
    Level 4:
    Level 5:
    Level 6:
    Level 7: <- You were here.
       A food shop, a temple and an altar.
       Final resting place for
          you, killed by a bolt of cold zapped by yourself.


Vanquished creatures:
  a fire ant
  5 dwarves
  a giant bat
  3 monkeys
  a hobbit
  3 giant rats
 11 gnomes
  a gecko
  2 jackals
  a kobold
  a goblin
  2 grid bugs
  2 lichens
  a kobold zombie
  3 newts
38 creatures vanquished.

No species were genocided or became extinct.

Game over:
                       ----------
                      /          \
                     /    REST    \
                    /      IN      \
                   /     PEACE      \
                  /                  \
                  |    BilldaCat     |
                  |      45 Au       |
                  | killed by a bolt |
                  |  of cold zapped  |
                  |    by himself    |
                  |                  |
                  |       2026       |
                 *|     *  *  *      | *
        _________)/\\_//(\/(/\)/\//\/|_)_______

Goodbye BilldaCat the Wizard...

You died in The Gnomish Mines on dungeon level 7 with 1299 points,
and 45 pieces of gold, after 957 moves.
You were level 5 with a maximum of 42 hit points when you died.

